 Dungeon Crawl Stone Soup version 0.22-a0-447-gee5f723 (webtiles) character file.

156 Leszczynek the Charmwright (level 5, 0/45 HPs)
             Began as a Deep Elf Skald on June 3, 2018.
             Succumbed to an orc wizard's poison
             ... on level 3 of the Dungeon.
             The game lasted 00:11:08 (2135 turns).

Leszczynek the Charmwright (Deep Elf Skald)         Turns: 2135, Time: 00:11:09

Health: 0/45       AC: 22    Str:  9    XL:     5   Next: 14%
Magic:  19/20      EV:  2    Int: 18    God:
Gold:   187        SH:  0    Dex: 14    Spells: 4/10 levels left

rFire    . . .     SeeInvis .   a - +1 dagger (venom)
rCold    . . .     Gourm    .   (no shield)
rNeg     + + +     Faith    .   (armour currently unavailable)
rPois    +         Spirit   .   (helmet currently unavailable)
rElec    .         Reflect  .   (cloak currently unavailable)
rCorr    .         Harm     .   (gloves currently unavailable)
MR       .....     NoTele   +   (boots currently unavailable)
Stlth    +.........             n - amulet of rage
HPRegen  0.15/turn              q - ring of magical power
MPRegen  0.17/turn              (no ring)

@: lethally poisoned (0 -> -6), tree-form
A: no striking features
a: Evoke Berserk Rage


You were on level 3 of the Dungeon.
You were hungry.
You were a tree.
You visited 1 branch of the dungeon, and saw 4 of its levels.

You collected 187 gold pieces.

Inventory:

Hand Weapons
 a - a +1 dagger of venom (weapon)
 b - a +0 hunting sling
 f - a +0 short sword
Missiles
 e - 33 sling bullets
 r - 5 tomahawks (quivered)
Armour
 c - a +0 ring mail
 l - a +0 leather armour (melded)
 o - a +0 leather armour
Jewellery
 n - an amulet of rage (around neck)
 q - a ring of magical power (left branch)
 s - an uncursed ring of ice
Scrolls
 j - a scroll of enchant weapon {unknown}
 k - a scroll of identify {unknown}
Comestibles
 d - 7 rations
 p - a chunk of flesh


   Skills:
 - Level 2.0 Fighting
 + Level 3.7 Short Blades
 - Level 0.7 Armour
 - Level 2.4 Dodging
 - Level 3.0 Spellcasting
 - Level 4.1 Hexes
 + Level 4.4 Charms
 - Level 1.0 Translocations


You had 4 spell levels left.
You knew the following spells:

 Your Spells              Type           Power        Failure   Level  Hunger
a - Infusion              Chrm           ###.         2%          1    None
b - Shroud of Golubria    Chrm/Tloc      ##........   9%          2    ##.....
c - Spectral Weapon       Hex/Chrm       ###.....     9%          3    ###....

Your spell library contained the following spells:

 Spells                   Type           Power        Failure   Level  Hunger
 Regeneration             Chrm/Necr      ##........   21%         3    ###....
 Song of Slaying          Chrm           ###.....     4%          2    ##.....


Dungeon Overview and Level Annotations

Branches:
Dungeon (4/15)
 Temple: D:4-7

Altars:
Fedhas

Annotations:
D:3 Grinder
D:4 Eustachio


Message History

The orc wizard casts a spell at you. The magic dart hits you!
The orc wizard hits you with a dagger of venom.
The orc wizard hits you but does no damage.
You are lethally poisoned!
Are you sure you want to abandon this character and quit the game? (Confirm with "yes".)
Okay, then.
It was a potion of flight.
You feel very buoyant.
You fly up into the air.
* * * LOW HITPOINT WARNING * * *
You feel sick. The orc wizard casts a spell at you. The magic dart hits you!
* * * LOW HITPOINT WARNING * * *
The orc misses you.
It was a potion of lignification.
You turn into a tree.
Your +0 leather armour melds into your body.
Your roots penetrate the ground.
You die...

#.# #.# #.##.......... #.#
#.# ####.#..##....... #.#
#.###....#.#......... #.#
#.##..#......#....... #.#
#>......##.###.......
#####.###..#.####............
#......)..........#####.##.##
#......##<)o.#.########.##.#
#......##..o♣..# #.........#
#......###....## #......=..#
######## #...## #.........#
#...# #.........# #####
###########


You could see an orc wizard and an orc.

Vanquished Creatures
  An orc wizard (D:3)
  2 gnolls
  4 adders
  An adder zombie (D:3)
  A worm (D:3)
  A dart slug (D:2)
  3 leopard geckos
  4 orcs (D:3)
  2 giant cockroaches
  6 goblins
  8 hobgoblins
  4 quokkas
  6 bats
  A frilled lizard (D:1)
  9 kobolds
  4 rats
57 creatures vanquished.

Notes
Turn   | Place    | Note
-------+----------+-------------------------------------------
     0 | D:1      | Leszczynek the Deep Elf Skald began the quest for the Orb.
     0 | D:1      | Reached XP level 1. HP: 12/12 MP: 6/6
    14 | D:1      | Reached skill level 2 in Fighting
    14 | D:1      | Reached XP level 2. HP: 10/17 MP: 4/8
    18 | D:1      | Learned a level 2 spell: Shroud of Golubria
   384 | D:1      | Reached skill level 1 in Translocations
   578 | D:2      | Reached skill level 3 in Short Blades
   578 | D:2      | Reached XP level 3. HP: 20/21 MP: 9/9
   583 | D:2      | Learned a level 3 spell: Spectral Weapon
   638 | D:2      | Reached skill level 1 in Hexes
   701 | D:2      | Found a blossoming altar of Fedhas.
  1084 | D:3      | Reached skill level 2 in Hexes
  1207 | D:3      | Reached XP level 4. HP: 17/26 MP: 0/10
  1655 | D:3      | Reached skill level 3 in Hexes
  1951 | D:3      | Noticed Grinder
  2073 | D:4      | Noticed Eustachio
  2110 | D:3      | Reached skill level 4 in Hexes
  2110 | D:3      | Reached XP level 5. HP: 30/30 MP: 11/11
  2124 | D:3      | HP: 5/30 [orc wizard/magic dart (4)]
  2129 | D:3      | HP: 6/30 [orc wizard/magic dart (6)]
  2134 | D:3      | HP: 1/30 [orc wizard/magic dart (6)]
  2135 | D:3      | Succumbed to an orc wizard's poison

Vault maps used:
D:1:      tarquinn_simple_flora_water_e
D:2:      fedhas_altar_3
D:3:      corexii_shack_village, uniq_grinder
D:4:      first_ration, uniq_eustachio, uniq_menkaure

Skill      XL: |  1  2  3  4 |
---------------+-------------+-----
Fighting       | 2 |  2.0
Translocations | 1 |  1.0
Short Blades   | 3 |  3.7
Hexes          | 2 4 |  4.1
Armour         | |  0.7
Dodging        | |  2.4
Spellcasting   | |  3.0
Charms         | |  4.4

Action                   |  1- 3 |  4- 6 || total
-------------------------+-------+-------++-------
Melee: Short sword       |    30 |       ||    30
       Dagger            |    64 |    77 ||   141
 Cast: Infusion          |     6 |       ||     6
       Shroud of Golubri |     8 |     4 ||    12
       Spectral Weapon   |     2 |     6 ||     8
  Use: Scroll            |       |     1 ||     1
       Potion            |       |     5 ||     5
 Stab: Sleeping          |     1 |       ||     1
  Eat: Chunk             |     2 |     4 ||     6
Armor: Leather armour    |    16 |    21 ||    37
Dodge: Dodged            |    49 |    49 ||    98

Table legend:
 A = Spawn XP
 B = Non-spawn XP
 C = Spawn XP percentage of total XP
 D = Spawn monster count
 E = Non-spawn monster count
 F = Spawn count percentage of total count
 G = Total turns spent on level
                    A         B        C        D         E        F      G
               +---------+---------+-------+---------+---------+-------+---------
         Total |       0 |     223 |   0.0 |       0 |      57 |   0.0 |  2135
               +---------+---------+-------+---------+---------+-------+---------
           D:1 |       0 |      42 |   0.0 |       0 |      18 |   0.0 |   625
           D:2 |       0 |      45 |   0.0 |       0 |      17 |   0.0 |   904
           D:3 |       0 |     136 |   0.0 |       0 |      22 |   0.0 |   604
               +---------+---------+-------+---------+---------+-------+---------
